 Dungeon Crawl Stone Soup version 0.16.1-2-g95b8d4c (webtiles) character file.

102 karlm the Chucker (level 4, -1/48 HPs)
             Began as an Ogre Hunter on Mar 24, 2015.
             Slain by a goblin (3 damage)
             ... led by Robin
             ... on level 3 of the Dungeon.
             The game lasted 00:05:57 (2055 turns).

karlm the Chucker (Ogre Hunter)                     Turns: 2055, Time: 00:05:57

Health: -1/48      AC:  3    Str: 23    XL:     4   Next: 78%
Magic:  4/4        EV: 10    Int: 15    God:
Gold:   269        SH:  0    Dex: 10    Spells: 0 memorised, 3 levels left

rFire  . . .     SeeInvis .     m - +0 mace
rCold  . . .     Clarity  .     d - +0 animal skin
rNeg   . . .     SustAb   .     (shield restricted)
rPois  .         Gourm    .     (helmet restricted)
rElec  .         Spirit   .     (no cloak)
rCorr  .         Warding  .     (gloves unavailable)
rMut   .         Stasis   .     (boots unavailable)
MR     .....                    (no amulet)
Stlth  +.........               (no ring)
                                (no ring)

@: mighty, brilliant, not resistant to hostile enchantments, very unstealthy
A: unfitting armour, tough skin 1
a: no special abilities


You were on level 3 of the Dungeon.
You were hungry.

You visited 1 branch of the dungeon, and saw 3 of its levels.

You collected 269 gold pieces.

Inventory:

Hand weapons
 m - a +0 mace (weapon)
 p - a +0 hunting sling
Missiles
 c - a throwing net
 e - 130 stones (quivered)
 l - 5 curare-tipped needles
 q - 8 needles of frenzy
Armour
 d - a +0 animal skin (worn)
Jewellery
 a - an uncursed ring of protection from cold {unknown}
 i - a +5 ring of protection {unknown}
Scrolls
 g - 2 scrolls of remove curse
 j - a scroll of identify
Potions
 s - a potion of magic {unknown}
Comestibles
 f - 3 meat rations
 h - a slice of pizza
 o - a beef jerky


   Skills:
 * Level 3.7 Fighting
 * Level 3.1 Maces & Flails
 * Level 4.9 Throwing
 + Level 2.2 Dodging
 + Level 1.3 Stealth


You had 3 spell levels left.
You didn't know any spells.

Dungeon Overview and Level Annotations

Branches:
Dungeon (3/15)

Altars:
The Shining One

Annotations:
D:3 Robin


Innate Abilities, Weirdness & Mutations

You are too large for most types of armour.
You have tough skin (AC +1).


Message History

You throw a stone. The stone hits the goblin.
You kill the goblin!
The goblin closely misses you. The hobgoblin barely misses you.
Drink which item? (? for menu, Esc to quit)
It was a potion of might.
You feel very mighty all of a sudden.
Robin roars a battlecry!
The goblin goes into a battle-frenzy!
The goblin hits you but does no damage. The goblin hits you.
* * * LOW HITPOINT WARNING * * *
The goblin hits you but does no damage. The hobgoblin hits you.
* * * LOW HITPOINT WARNING * * *
The goblin hits you with a dagger of speed.
* * * LOW HITPOINT WARNING * * *
Unknown command.
Drink which item? (? for menu, Esc to quit)
It was a potion of brilliance.
You feel clever all of a sudden. The goblin barely misses you.
The goblin hits you.
You die...

#.#.####.#
..#.####.#
.........#
##########
#### ###
... ..# ..
..# # #.
g.#
#..#g##g.#
#(..g@gg.#
#.##g##g##
#g g# ..
.# ##. ##
#. #. #. .


You could see Robin, 3 hobgoblins and 4 goblins.

Vanquished Creatures
  A hound (D:3)
  3 adders (D:2)
  2 worms (D:2)
  2 bats
  4 giant cockroaches
  6 goblins
  6 hobgoblins
  4 kobolds
  A giant gecko (D:1)
  5 giant newts
  5 rats
  A fungus (D:1)
40 creatures vanquished.

Notes
Turn   | Place    | Note
--------------------------------------------------------------
     0 | D:1      | karlm, the Ogre Hunter, began the quest for the Orb.
     0 | D:1      | Reached XP level 1. HP: 22/22 MP: 1/1
   121 | D:1      | Reached skill level 1 in Maces & Flails
   206 | D:1      | Reached XP level 2. HP: 5/31 MP: 2/2
   717 | D:1      | Reached skill level 1 in Stealth
   907 | D:2      | Reached XP level 3. HP: 37/37 MP: 3/3
  1173 | D:2      | Found a glowing golden altar of the Shining One.
  1433 | D:2      | Reached XP level 4. HP: 20/45 MP: 4/4
  2039 | D:3      | Noticed Robin
  2054 | D:3      | HP: 2/48 [goblin/dagger of speed[Robin] (1)]
  2055 | D:3      | Slain by a goblin

Action                   |  1- 3 |  4- 6 || total
-------------------------+-------+-------++-------
Melee: Short sword       |     9 |       ||     9
       Club              |    56 |       ||    56
       Mace              |    38 |     2 ||    40
Throw: Large rock        |    20 |    11 ||    31
       Stone             |    17 |     4 ||    21
       Throwing net      |       |     1 ||     1
  Use: Potion            |       |     3 ||     3
       Scroll            |       |     1 ||     1
 Stab: Sleeping          |     3 |       ||     3
  Eat: Chunk             |     2 |     1 ||     3
